cohdb
Replays
Latest Replays
All Replays
Popular Replays
Top Player Replays
Match Explorer
How It Works
Community
CoH3 Stats
Reddit
Sign in to upload your games and track your stats! →
Sign in with Steam
Match 47095023
Unlisted
Match 47095023
Overview
Messages
Build Orders
End
Construct Section Command Post
Selects Canadian Shock Battlegroup
Vickers Machine Gun Team
Infantry Section
ML 3-inch Mortar Team
Dingo Light Scout Car
Construct Platoon Command Post
Selects Incendiary Munitions
Selects Attacking Spirit
Selects Canadian Shock Section
Infantry Section
Humber Armored Car
Grenade Package
Construct Field Infirmary
Canadian Shock Section
Infantry Training
Construct Company Command Post
Boondoggle
Guacamole Stains
Ends of Invention
DragonLTU
BigBoss
SmallLight
0
0
Comments
sign in to comment!
No comments posted yet!